 Dungeon Crawl Stone Soup version 0.21-a0-404-g291f19a (webtiles) character file.

17069 Gorice the Cruncher (level 12, 0/135 HPs)
             Began as a Demonspawn Wanderer on Oct 28, 2017.
             Was a High Priest of Nemelex Xobeh.
             Slain by an ice devil (6 damage)
             ... summoned by the player character
             ... on level 2 of the Lair of Beasts.
             The game lasted 01:14:00 (15778 turns).

Gorice the Cruncher (Demonspawn Wanderer)          Turns: 15778, Time: 01:14:00

Health: 0/135      AC: 26    Str: 19    XL:     12   Next: 15%
Magic:  0/19       EV:  2    Int: 14    God:    Nemelex Xobeh [*****.]
Gold:   147        SH:  0    Dex: 11    Spells: 21/21 levels left

rFire    + + .     SeeInvis .   b - +2 lajatang (pain)
rCold    + . .     Gourm    +   (shield currently unavailable)
rNeg     + + +     Faith    .   (armour currently unavailable)
rPois    +         Spirit   +   (helmet currently unavailable)
rElec    +         Reflect  .   (cloak currently unavailable)
rCorr    +         Harm     .   (gloves currently unavailable)
MR       .....     NoTele   +   (boots currently unavailable)
Stlth    +++.......             I - amulet of the gourmand
HPRegen  0.32/turn              o - ring of protection from fire
MPRegen  0.32/turn              W - ring of stealth

@: tree-form, resistant
A: rugged brown scales 2, nightstalker 1, magic shield, magic regeneration,
magic link
a: Triple Draw, Deal Four, Stack Five, Renounce Religion


You were on level 2 of the Lair of Beasts.
You worshipped Nemelex Xobeh.
Nemelex Xobeh was extremely pleased with you.
You were completely stuffed.
You were a tree.
You visited 2 branches of the dungeon, and saw 13 of its levels.

You collected 723 gold pieces.
You spent 576 gold pieces at shops.

Inventory:

Hand Weapons
 a - the +5 quarterstaff "Embalmer" {crush, Int+7}
   (You found it on level 5 of the Dungeon)

   It inflicts extra damage upon your enemies.
   It affects your intelligence (+7).
 b - a +2 lajatang of pain (weapon)
   (You bought it in a shop on level 7 of the Dungeon)
 B - a +0 blowgun
Missiles
 y - 7 tomahawks (quivered)
 N - 4 curare-tipped needles
Armour
 q - a +1 pair of gloves (melded)
 w - a +2 pair of boots (melded)
 H - a +0 cloak (melded)
 V - a +0 plate armour (melded)
Jewellery
 o - a ring of protection from fire (left branch)
 F - an uncursed ring of flight
 I - an amulet of the gourmand (around neck)
 W - a ring of stealth (right branch)
Wands
 e - a wand of confusion (6/48)
 k - a wand of polymorph (14/24)
 l - a wand of disintegration (15/24)
 p - a wand of disintegration (16/24)
 t - a wand of lightning (7/15)
 v - a wand of lightning (7/15)
 D - a wand of flame (22/48)
Scrolls
 j - 4 scrolls of magic mapping {!r}
 r - a scroll of fear {!r}
 J - 5 scrolls of teleportation {!r}
 T - 3 scrolls of remove curse
 Y - a scroll of blinking
Potions
 c - 2 potions of curing
 s - 2 potions of might {!q}
 u - a potion of invisibility {!q}
 z - a potion of ambrosia
 C - 2 potions of resistance {!q}
 G - 2 potions of magic {!q}
 L - 2 potions of agility {!q}
 O - 3 potions of lignification {!q}
 Q - a potion of haste {!q}
Miscellaneous
 d - a plain deck of destruction
 g - an ornate deck of destruction
 h - an ornate deck of summoning
 m - a legendary deck of escape {drawn: 1}
 n - a plain deck of summoning {drawn: 3}
 A - a plain deck of summoning
 K - a plain deck of escape
Comestibles
 f - 7 bread rations {!e}
 x - 4 chunks of flesh


   Skills:
 - Level 5.5 Fighting
   Level 1.8 Short Blades
 + Level 12.4 Staves
 - Level 1.0 Throwing
 + Level 10.7 Armour
 - Level 1.0 Stealth
   Level 1.0 Shields
 - Level 5.0 Spellcasting
 + Level 8.0 Invocations


You had 21 spell levels left.
You didn't know any spells.

Dungeon Overview and Level Annotations

Branches:
Dungeon (11/15)            Temple (0/1) D:4            Lair (2/6) D:11
 Shoals (0/4) Lair:2          Orc (0/2) D:11
  Snake: Lair:2-4    Spider: Lair:2-4

Altars:
Ashenzari
Cheibriados
Elyvilon
Fedhas
Hepliaklqana
Kikubaaqudgha
Nemelex Xobeh
Ru
Uskayaw
Wu Jian
Xom
Zin

Shops:
D:7 (   D:11 *

Annotations:
D:2 1 runed door: Yiuf


Innate Abilities, Weirdness & Mutations

((You have a pair of small horns on your head.))
(You are mostly covered in rugged brown scales. (AC +2, +5% HP))
You are slightly more attuned to the shadows.
When hurt, damage is shared between your health and your magic reserves.
You regenerate magic rapidly.
When low on magic, you restore magic in place of health.


Message History

You turn into a tree.
Your +0 cloak melds into your body.
Your +1 pair of gloves melds into your body.
Your +2 pair of boots melds into your body.
Your +0 plate armour melds into your body.
Your roots penetrate the ground.
You feel sick.
The killer bee stings you but does no damage.
The killer bee barely misses you.
The killer bee stings you but does no damage.
The ice devil hits you but does no damage.
The killer bee stings you but does no damage.
Unknown command.
Unknown command.
Unknown command.
Unknown command.
You hit the killer bee.
The killer bee is lightly wounded.
The killer bee stings you but does no damage. x2
The ice devil hits you!
* * * LOW HITPOINT WARNING * * *
The ice devil freezes you!
* * * LOW HITPOINT WARNING * * *
The killer bee stings you but does no damage.
Damage: 18 (max 20) Unknown command.
You feel better.
The killer bee stings you but does no damage. x3
The ice devil hits you but does no damage.
The killer bee stings you.
* * * LOW HITPOINT WARNING * * *
Unknown command.
Really quaff
i - a potion of heal wounds {!q}?
You feel much better.
The killer bee stings you but does no damage.
The killer bee stings you.
* * * LOW HITPOINT WARNING * * *
The killer bee stings you.
* * * LOW HITPOINT WARNING * * *
The ice devil hits you.
* * * LOW HITPOINT WARNING * * *
The ice devil freezes you!!
* * * LOW HITPOINT WARNING * * *
The killer bee stings you but does no damage.
Damage: 2 (max 20) Unknown command.
Really quaff
C - 3 potions of resistance {!q}?
You feel protected.
The killer bee stings you but does no damage. x2
The killer bee barely misses you. The ice devil hits you!
You die...
Your body glows with a rainbow of weird colours and disappears.

#†### ##.....P.....
##†#.# ###.†....P.P
#†††# ####......
#.†## ###.....
##.#### #####...#♣..
##.##.###P...#..#...
#..............#....
##y4y#.P.....P...#♣♣
#.♣................
#.##P#####.###..###
###### ### ##.# #.#
##.## #...## ##...#
#.... ##...


You could see an ice devil and 2 killer bees.

Vanquished Creatures
  The ghost of dainius the Carver, a journeyman MiMo of Okawaru (D:11)
  A hydra (D:11)
  A two-headed ogre (D:8)
  2 manticores
  3 spiny frogs
  A hornet (Lair:1)
  7 hippogriffs
  5 blink frogs (Lair:1)
  A meliai zombie (D:11)
  A wyvern (Lair:2)
  A wraith (D:11)
  A basilisk (Lair:1)
  9 yaks
  2 hungry ghosts (D:11)
  3 two-headed ogre zombies (D:11)
  3 water moccasins
  6 orc warriors
  2 porcupines (D:11)
  4 black bears
  2 ice beasts
  A phantom (D:11)
  3 sky beasts
  5 ogres
  A necrophage (D:11)
  5 centaurs
  2 crocodiles
  3 big kobolds (D:11)
  8 bullfrogs
  A wyvern zombie (D:6)
  4 scorpions
  A troll zombie (D:11)
  8 killer bees (Lair:2)
  4 wights (D:8)
  3 howler monkeys
  2 crimson imps
  2 centaur zombies (D:11)
  9 hounds
  11 orc priests
  9 orc wizards
  A bullfrog skeleton (D:9)
  A centaur skeleton (D:7)
  3 iguanas
  Natasha (D:1)
  A killer bee zombie (D:7)
  7 worker ants
  An ogre zombie (D:11)
  2 hound zombies (D:8)
  A hound skeleton (D:6)
  A worker ant zombie (D:10)
  A howler monkey zombie (D:10)
  6 gnolls
  17 adders
  3 shadow imps (D:5)
  4 oozes
  An adder zombie (D:7)
  4 adder skeletons
  A dart slug (D:4)
  2 worms
  9 leopard geckos
  41 orcs
  8 bats
  5 giant cockroaches
  7 goblins
  8 hobgoblins
  12 jackals
  3 quokkas
  A ball python (D:7)
  8 frilled lizards
  A goblin skeleton (D:11)
  2 goblin zombies (D:11)
  A hobgoblin skeleton (D:11)
  A hobgoblin zombie (D:11)
  12 kobolds
  A leopard gecko zombie (D:8)
  2 orc skeletons (D:11)
  6 orc zombies (D:11)
  5 rats
329 creatures vanquished.

Vanquished Creatures (collateral kills)
  2 two-headed ogres
  An unseen horror (D:7)
  An ugly thing (D:11)
  A spiny frog (Lair:1)
  3 yaks (D:11)
  2 water moccasins (Lair:1)
  An orc warrior (D:11)
  A crocodile (D:11)
  A bullfrog (D:11)
  12 killer bees
  2 wights (D:8)
  An orc priest (D:11)
  A worker ant (D:11)
  3 ogre zombies (D:11)
  An orc (D:8)
  A goblin skeleton (D:11)
  A hobgoblin skeleton (D:11)
  A hobgoblin zombie (D:11)
  2 orc skeletons (D:11)
  7 orc zombies (D:11)
45 creatures vanquished.

Vanquished Creatures (others)
  A fungus (D:11)
1 creature vanquished.

Grand Total: 375 creatures vanquished

Notes
Turn   | Place    | Note
-------+----------+-------------------------------------------
     0 | D:1      | Gorice the Demonspawn Wanderer began the quest for the Orb.
     0 | D:1      | Gorice set off with: a +2 dagger, a potion of heal wounds {!q}, a potion of curing, a +0 short sword, a +0 robe, a bread ration {!e}
     0 | D:1      | Reached XP level 1. HP: 15/15 MP: 6/6
   211 | D:1      | Reached skill level 1 in Armour
   211 | D:1      | Gained mutation: You are partially covered in rugged brown scales. (AC +1, +3% HP) [demonic ancestry]
   211 | D:1      | Reached XP level 2. HP: 13/21 MP: 8/8
   873 | D:1      | Gained mutation: When hurt, damage is shared between your health and your magic reserves. [demonic ancestry]
   873 | D:1      | Reached XP level 3. HP: 11/26 MP: 9/9
  1289 | D:2      | Found a runed door.
  1341 | D:2      | Found a hazy altar of Hepliaklqana.
  1344 | D:2      | Found a sacrificial altar of Ru.
  1347 | D:2      | Found a shimmering altar of Xom.
  1433 | D:2      | Reached skill level 2 in Armour
  1505 | D:2      | Reached skill level 2 in Fighting
  1722 | D:2      | Noticed Natasha
  1734 | D:2      | HP: 8/27 [shadow imp[Natasha] (2)]
  2110 | D:2      | Reached XP level 4. HP: 20/33 MP: 8/11
  2916 | D:1      | Killed Natasha
  3435 | D:3      | Gained mutation: You regenerate magic rapidly. [demonic ancestry]
  3435 | D:3      | Reached XP level 5. HP: 41/41 MP: 12/12
  3519 | D:3      | Found a snail-covered altar of Cheibriados.
  3544 | D:2      | Reached skill level 3 in Armour
  3722 | D:2      | Reached skill level 3 in Fighting
  4072 | D:3      | Found a glowing silver altar of Zin.
  4740 | D:4      | Found a sparkling altar of Nemelex Xobeh.
  4808 | D:4      | Became a worshipper of Nemelex Xobeh the Trickster
  4817 | D:4      | Reached XP level 6. HP: 42/49 MP: 11/13
  4871 | D:4      | Received a gift from Nemelex Xobeh
  4971 | D:4      | Reached skill level 4 in Fighting
  4971 | D:4      | Reached skill level 4 in Armour
  5064 | D:3      | HP: 13/49 [poisoned by a scorpion]
  5066 | D:3      | HP: 6/49 [poisoned by a scorpion]
  5073 | D:3      | HP: 13/49 [scorpion (3)]
  5642 | D:4      | Found a staircase to the Ecumenical Temple.
  5665 | D:4      | Gained mutation: You are mostly covered in rugged brown scales. (AC +2, +5% HP) [demonic ancestry]
  5665 | D:4      | Reached XP level 7. HP: 47/57 MP: 14/14
  5676 | D:4      | Reached skill level 5 in Fighting
  5811 | D:4      | Noticed a two-headed ogre
  6210 | D:3      | Reached skill level 5 in Armour
  6499 | D:5      | Entered Level 5 of the Dungeon
  6556 | D:5      | Got a warped quarterstaff
  6597 | D:4      | Identified the +5 quarterstaff "Embalmer" {crush, Int+7} (You found it on level 5 of the Dungeon)
  6678 | D:5      | Reached * piety under Nemelex Xobeh
  6765 | D:5      | Received a gift from Nemelex Xobeh
  6889 | D:5      | Found a hide-covered altar of Uskayaw.
  7112 | D:5      | Reached skill level 1 in Staves
  7159 | D:6      | Reached skill level 2 in Staves
  7180 | D:6      | Reached XP level 8. HP: 39/66 MP: 11/15
  7318 | D:6      | Found a shattered altar of Ashenzari.
  7435 | D:6      | Received a gift from Nemelex Xobeh
  7445 | D:6      | Found a sparkling altar of Nemelex Xobeh.
  7474 | D:6      | You fall through a shaft!
  7483 | D:7      | Reached skill level 3 in Staves
  7497 | D:7      | HP: 18/66 [orc priest/divine providence (10)]
  7501 | D:7      | HP: 7/66 [something (6)]
  7518 | D:7      | HP: 15/66 [something (6)]
  7520 | D:7      | HP: 6/66 [something (3)]
  7731 | D:7      | Found Rogioguj's Antique Weapon Shop.
  7739 | D:6      | Reached skill level 4 in Staves
  7739 | D:6      | Reached skill level 6 in Armour
  7771 | D:6      | Reached ** piety under Nemelex Xobeh
  7823 | D:6      | Received a gift from Nemelex Xobeh
  7961 | D:5      | Reached skill level 5 in Staves
  8301 | D:7      | Killed an unseen horror
  8301 | D:7      | Reached skill level 6 in Staves
  8301 | D:7      | Reached skill level 7 in Armour
  8301 | D:7      | Reached XP level 9. HP: 33/71 MP: 10/16
  8691 | D:7      | Reached skill level 7 in Staves
  9215 | D:8      | Noticed a two-headed ogre
  9228 | D:8      | Killed a two-headed ogre
  9228 | D:8      | Reached skill level 8 in Staves
  9255 | D:8      | Received a gift from Nemelex Xobeh
  9422 | D:8      | Noticed a two-headed ogre
  9427 | D:8      | Killed a two-headed ogre
  9427 | D:8      | Reached skill level 8 in Armour
  9534 | D:8      | Gained mutation: You have a pair of small horns on your head. [demonic ancestry]
  9534 | D:8      | Reached XP level 10. HP: 77/77 MP: 17/17
  9679 | D:8      | Reached *** piety under Nemelex Xobeh
  9896 | D:8      | Reached skill level 9 in Staves
  9918 | D:9      | Received a gift from Nemelex Xobeh
 10603 | D:9      | Received a gift from Nemelex Xobeh
 10652 | D:9      | Reached skill level 10 in Staves
 10699 | D:9      | Found an ancient bone altar of Kikubaaqudgha.
 10701 | D:9      | Found a blossoming altar of Fedhas.
 10736 | D:9      | Found a white marble altar of Elyvilon.
 10995 | D:9      | Reached skill level 9 in Armour
 11014 | D:9      | Reached **** piety under Nemelex Xobeh
 11184 | D:10     | Entered Level 10 of the Dungeon
 11265 | D:10     | Received a gift from Nemelex Xobeh
 11509 | D:10     | Received a gift from Nemelex Xobeh
 11791 | D:10     | Received a gift from Nemelex Xobeh
 12184 | D:11     | Reached skill level 1 in Invocations
 12276 | D:11     | Reached skill level 2 in Invocations
 12308 | D:11     | Noticed a two-headed ogre
 12319 | D:11     | Gained mutation: You are slightly more attuned to the shadows. [demonic ancestry]
 12319 | D:11     | Reached XP level 11. HP: 58/84 MP: 16/18
 12329 | D:11     | Killed a two-headed ogre
 12329 | D:11     | Reached skill level 11 in Staves
 12352 | D:11     | Reached skill level 3 in Invocations
 12400 | D:11     | Noticed dainius's ghost (journeyman MiMo)
 12424 | D:11     | Killed dainius's ghost
 12454 | D:11     | Found a staircase to the Orcish Mines.
 12641 | D:11     | Received a gift from Nemelex Xobeh
 12664 | D:11     | Found an ornate altar of the Wu Jian Council.
 12705 | D:11     | Found a staircase to the Lair.
 12757 | D:11     | Reached skill level 4 in Invocations
 12763 | D:11     | Reached ***** piety under Nemelex Xobeh
 12771 | D:11     | Noticed a six-headed hydra
 12781 | D:11     | Noticed a red ugly thing
 12782 | D:11     | Killed a six-headed hydra
 12795 | D:11     | Killed a red ugly thing
 13122 | D:11     | Found Uloadghy's Assorted Antiques.
 13175 | D:11     | Received a gift from Nemelex Xobeh
 13218 | D:11     | Reached skill level 5 in Invocations
 13326 | D:11     | Reached skill level 10 in Armour
 13691 | D:11     | Noticed Sonja
 13706 | D:11     | Noticed Sonja
 13706 | D:11     | Sonja changed into Sonja the big kobold
 13710 | D:11     | Killed Sonja the big kobold
 13715 | D:11     | HP: 25/84 [poisoned by Sonja]
 13720 | D:11     | HP: 22/84 [poisoned by Sonja]
 13727 | D:11     | HP: 21/84 [poisoned by Sonja]
 13735 | D:11     | HP: 21/84 [poisoned by Sonja]
 14067 | Lair:1   | Entered Level 1 of the Lair of Beasts
 14246 | Lair:1   | Reached skill level 12 in Staves
 14257 | Lair:1   | Reached skill level 6 in Invocations
 14441 | Lair:1   | Received a gift from Nemelex Xobeh
 15043 | D:7      | Bought a runed lajatang for 576 gold pieces
 15157 | Lair:1   | Reached skill level 7 in Invocations
 15392 | Lair:2   | Found a staircase to the Shoals.
 15415 | Lair:2   | Gained mutation: When low on magic, you restore magic in place of health. [demonic ancestry]
 15415 | Lair:2   | Reached XP level 12. HP: 68/90 MP: 14/19
 15672 | Lair:2   | Received a gift from Nemelex Xobeh
 15747 | Lair:2   | Reached skill level 8 in Invocations
 15771 | Lair:2   | HP: 20/90 [ice devil[the player character] (12)]
 15775 | Lair:2   | HP: 3/135 [ice devil[the player character] (13)]
 15778 | Lair:2   | Slain by an ice devil

Vault maps used:
D:1:      dpeg_arrival_pond
D:2:      grunt_temple_overflow_diamond, uniq_crazy_yiuf_cottage, uniq_natasha
D:3:      cheibriados_altar_1, zin_statuary, first_bread, minmay_three_crescents
D:4:      nemelex_xobeh_ov_fountains_minmay, minmay_temple_entry_junction
D:5:      lemuel_doored_altar, st_stairs_14
D:6:      basic_altar, grunt_ministairs_1, ashenzari_altar_1
D:7:      serial_shops, shop, enter_ossuary_5
D:9:      grunt_temple_overflow_growth_and_decay, lemuel_round_altar
D:11:     grunt_lair_entry_orc_guard_hut, zombieorc2_lemuel, serial_shops, shop,
          basic_altar, uniq_sonja
Lair:1:   infiniplex_staircase_pool_2, grunt_megastairs_1
Lair:2:   lemuel_ratsnest, minmay_shoals_entry_beasts, special_room,
          grunt_forest_large_clearing_hut, serial_bayou_shore_b, uniq_fannar

Skill      XL: |  1  2  3  4  5  6  7  8  9 10 11 12 |
---------------+-------------------------------------+-----
Armour         | 1 2 3 4 5 7 8 9 10 | 10.7
Fighting       | 2 3 4 5 |  5.5
Staves         | 2 6 8 10 12 | 12.4
Invocations    | 2 7 8 |  8.0
Short Blades   | |  1.8
Throwing       | |  1.0
Stealth        | |  1.0
Shields        | |  1.0
Spellcasting   | |  5.0

Action                   |  1- 3 |  4- 6 |  7- 9 | 10-12 || total
-------------------------+-------+-------+-------+-------++-------
Melee: Dagger            |    86 |       |       |       ||    86
       Hand axe          |   149 |   285 |    80 |       ||   514
       Quarterstaff      |       |       |   264 |   559 ||   823
       Headbutt          |       |       |       |   104 ||   104
       Lajatang          |       |       |       |    89 ||    89
Throw: Stone             |    13 |    20 |    18 |       ||    51
       Tomahawk          |       |       |       |    12 ||    12
Evoke: Wand              |       |       |     4 |     7 ||    11
       Deck              |       |       |     3 |    13 ||    16
  Use: Scroll            |     6 |     6 |     9 |     5 ||    26
       Potion            |       |     1 |     3 |     6 ||    10
 Stab: Distracted        |       |       |       |     2 ||     2
       Confused          |       |       |       |     1 ||     1
  Eat: Chunk             |     4 |    13 |    22 |    34 ||    73
Armor: Chain mail        |   220 |   204 |   163 |       ||   587
       Plate armour      |       |       |   141 |   460 ||   601
       Skin              |       |       |       |    15 ||    15
Dodge: Dodged            |    72 |   108 |    90 |   168 ||   438

Table legend:
 A = Spawn XP
 B = Non-spawn XP
 C = Spawn XP percentage of total XP
 D = Spawn monster count
 E = Non-spawn monster count
 F = Spawn count percentage of total count
 G = Total turns spent on level
                    A         B        C        D         E        F      G
               +---------+---------+-------+---------+---------+-------+---------
         Total |       0 |   24385 |   0.0 |       0 |     374 |   0.0 | 15778
               +---------+---------+-------+---------+---------+-------+---------
           D:1 |       0 |     121 |   0.0 |       0 |      33 |   0.0 |  2114
           D:2 |       0 |      92 |   0.0 |       0 |      18 |   0.0 |  1723
           D:3 |       0 |     315 |   0.0 |       0 |      27 |   0.0 |  1425
           D:4 |       0 |     420 |   0.0 |       0 |      16 |   0.0 |  1302
           D:5 |       0 |     516 |   0.0 |       0 |      11 |   0.0 |   641
           D:6 |       0 |     699 |   0.0 |       0 |      22 |   0.0 |   941
           D:7 |       0 |    2066 |   0.0 |       0 |      32 |   0.0 |  1003
           D:8 |       0 |    1677 |   0.0 |       0 |      26 |   0.0 |   843
           D:9 |       0 |    2575 |   0.0 |       0 |      38 |   0.0 |  1287
          D:10 |       0 |    1301 |   0.0 |       0 |      16 |   0.0 |  1240
          D:11 |       0 |    7406 |   0.0 |       0 |      92 |   0.0 |  1776
        Lair:1 |       0 |    3599 |   0.0 |       0 |      16 |   0.0 |   859
        Lair:2 |       0 |    3598 |   0.0 |       0 |      27 |   0.0 |   624
               +---------+---------+-------+---------+---------+-------+---------

Table legend:
 A = Turns spent in this place as a percentage of turns spent in the entire game.
 B = Non-inter-level travel turns spent in this place as a percentage of non-inter-level travel turns spent in the entire game.
 C = Inter-level travel turns spent in this place as a percentage of turns spent in this place.
 D = Turns resting spent in this place as a percentage of non-inter-level travel turns spent in this place.
 E = Turns spent auto-exploring this place as a percentage of non-inter-level travel turns spent in this place.
 F = Non-inter-level travel turns spent in this place divided by the number of levels of this place that you've seen.
                   A       B       C       D       E      F
               +-------+-------+-------+-------+-------+----------------------
         Total | 100.0 | 100.0 |   5.5 |  30.4 |  37.4 | 1146.6
       Dungeon |  90.6 |  90.2 |   6.0 |  31.2 |  37.0 | 1221.6
          Lair |   9.4 |   9.8 |   1.0 |  23.2 |  40.9 | 734.0
               +-------+-------+-------+-------+-------+----------------------

Vault maps used:
D:1:      dpeg_arrival_pond
D:2:      grunt_temple_overflow_diamond, uniq_crazy_yiuf_cottage, uniq_natasha
D:3:      cheibriados_altar_1, zin_statuary, first_bread, minmay_three_crescents
D:4:      nemelex_xobeh_ov_fountains_minmay, minmay_temple_entry_junction
D:5:      lemuel_doored_altar, st_stairs_14
D:6:      basic_altar, grunt_ministairs_1, ashenzari_altar_1
D:7:      serial_shops, shop, enter_ossuary_5
D:9:      grunt_temple_overflow_growth_and_decay, lemuel_round_altar
D:11:     grunt_lair_entry_orc_guard_hut, zombieorc2_lemuel, serial_shops, shop,
          basic_altar, uniq_sonja
Lair:1:   infiniplex_staircase_pool_2, grunt_megastairs_1
Lair:2:   lemuel_ratsnest, minmay_shoals_entry_beasts, special_room,
          grunt_forest_large_clearing_hut, serial_bayou_shore_b, uniq_fannar
